 Dungeon Crawl Stone Soup version 0.16.2-12-gd0ad4c3 (webtiles) character file.

128 RepoMan the Magician (level 5, -7/31 HPs)
             Began as an Octopode Wizard on Oct 3, 2015.
             Killed from afar by Grinder (9 damage)
             ... with a wand of magic darts
             ... on level 3 of the Dungeon.
             The game lasted 00:19:38 (2782 turns).

RepoMan the Magician (Octopode Wizard)              Turns: 2782, Time: 00:19:38

Health: -7/31      AC:  2    Str:  7    XL:     5   Next: 11%
Magic:  0/12       EV: 12    Int: 21    God:
Gold:   153        SH:  0    Dex: 10    Spells: 5 memorised, 1 level left

rFire  . . .     SeeInvis .     (no weapon)
rCold  . . .     Clarity  .     (no shield)
rNeg   . . .     SustAb   .     b - +1 hat
rPois  .         Gourm    .     (no amulet)
rElec  .         Spirit   .     (no ring)
rCorr  .         Warding  .     (no ring)
rMut   .         Stasis   .     (no ring)
MR     .....                    (no ring)
Stlth  +++.......               (no ring)
                                (no ring)
                                (no ring)
                                (no ring)

@: not resistant to hostile enchantments, fairly stealthy
A: almost no armour, amphibious, 8 rings, constrict 8, camouflage 1, gelatinous
body 1
a: no special abilities


You were on level 3 of the Dungeon.
You were not hungry.

You visited 1 branch of the dungeon, and saw 3 of its levels.

You collected 153 gold pieces.

Inventory:

Armour
 b - a +1 hat (worn)
 f - a +2 hat
Jewellery
 i - a cursed amulet of inaccuracy {unknown}
Scrolls
 e - 2 scrolls of identify
 k - a scroll of teleportation
Potions
 g - a potion of agility
 h - a potion of cancellation
 n - a potion of poison {unknown}
 o - a potion of mutation
 r - a potion of lignification {unknown}
 s - a potion of might {unknown}
 t - a potion of curing {unknown}
Books
 c - a book of Minor Magic

   Spells                             Type                      Level
   a - Magic Dart                     Conjuration                  1
   b - Blink                          Translocation                2
   c - Call Imp                       Summoning                    2
   d - Repel Missiles                 Charms/Air                   2
   e - Slow                           Hexes                        2
   f - Conjure Flame                  Conjuration/Fire             3
   g - Mephitic Cloud                 Conjuration/Poison/Air       3
Comestibles
 a - a meat ration
 d - 2 bread rations
 l - 3 chunks of flesh


   Skills:
 - Level 2.0 Dodging
 - Level 2.6 Stealth
 + Level 3.9 Spellcasting
 * Level 3.8 Conjurations
 - Level 1.0 Summonings
 - Level 1.0 Translocations


You had one spell level left.
You knew the following spells:

 Your Spells              Type           Power        Failure   Level  Hunger
a - Magic Dart            Conj           ###.         2%          1    None
b - Blink                 Tloc           N/A          12%         2    #......
c - Conjure Flame         Conj/Fire      ##......     21%         3    ###....
i - Call Imp              Summ           #.......     12%         2    #......
s - Slow                  Hex            #.......     21%         2    #......


Dungeon Overview and Level Annotations

Branches:
Dungeon (3/15)

Altars:
Gozag
Makhleb
Ru
Yredelemnul
The Shining One

Annotations:
D:3 Grinder, Robin


Innate Abilities, Weirdness & Mutations

You cannot wear most types of armour.
You are amphibious.
You can wear up to eight rings at the same time.
You can use your tentacles to constrict many enemies at once.
Your skin changes colour to match your surroundings (Stealth).
Your rubbery body absorbs attacks (AC +1).


Message History

Confirm with . or Enter, or press ? or * to list all spells.
Aiming: Slow
Press: ? - help, Shift-Dir - straight line, f/p - Grinder
Aim: Grinder, carrying a wand of magic darts {zapped: 9} (moderately wounded, chance 37%) Grinder resists with some effort.
Grinder gestures at you.
You suddenly lose the ability to move!
Your magical contamination has completely faded away.
A bat comes into view.
The bat moves out of view.
Grinder zaps a wand.
The magic dart hits you!
* * * LOW HITPOINT WARNING * * *
Grinder gestures.
Grinder blinks!
Grinder hits you but does no damage.
You can move again.
Casting: Slow
Confirm with . or Enter, or press ? or * to list all spells.
You blink.
Grinder zaps a wand.
The magic dart hits you!
You die...

#.###.##
..######.##.#.## ######
.....!....#.###.##
....... ######5...##
##.# . ######
#####.###.###.## #.#
#...[.# #..#.## #.#
#.###.###.#.## #.#
#......ยง.####### #.#
###....#5@.....###.#
####...#####.##..#######
##[## #.#.......... #.#
#......###### #.#
#.#.....# ..# #.......#
### ###.....# ##...##
#####


You could see Grinder.

Vanquished Creatures
  Ijyb (D:1)
  A gnoll (D:2)
  A worm (D:2)
  2 giant geckos (D:1)
  2 ball pythons
  A giant cockroach (D:1)
  6 hobgoblins
  4 jackals (D:2)
  11 kobolds
  5 bats
  A giant newt (D:1)
  8 goblins
  9 rats
52 creatures vanquished.

Vanquished Creatures (collateral kills)
  3 adders (D:2)
  3 gnolls
  A worm (D:3)
  A hobgoblin (D:2)
  A quokka (D:2)
  A goblin (D:3)
  A kobold (D:2)
11 creatures vanquished.

Vanquished Creatures (others)
  A crimson imp (D:3)
  A white imp (D:3)
2 creatures vanquished.

Grand Total: 65 creatures vanquished

Notes
Turn   | Place    | Note
--------------------------------------------------------------
     0 | D:1      | RepoMan, the Octopode Wizard, began the quest for the Orb.
     0 | D:1      | Reached XP level 1. HP: 11/11 MP: 4/4
   316 | D:1      | Reached XP level 2. HP: 10/17 MP: 0/6
   320 | D:1      | Learned a level 2 spell: Blink
   692 | D:1      | Learned a level 2 spell: Call Imp
  1052 | D:1      | Reached XP level 3. HP: 21/21 MP: 5/8
  1083 | D:1      | Learned a level 2 spell: Slow
  1151 | D:2      | Noticed Ijyb
  1204 | D:1      | Killed Ijyb
  1522 | D:2      | Reached XP level 4. HP: 25/27 MP: 3/10
  1527 | D:2      | Learned a level 3 spell: Conjure Flame
  2207 | D:2      | Found a basalt altar of Yredelemnul.
  2208 | D:2      | Found a burning altar of Makhleb.
  2208 | D:2      | Found a glowing golden altar of the Shining One.
  2209 | D:2      | Found a sacrificial altar of Ru.
  2216 | D:2      | Found an opulent altar of Gozag.
  2302 | D:2      | Reached XP level 5. HP: 31/31 MP: 2/12
  2434 | D:3      | Noticed Robin
  2620 | D:3      | Found a glowing golden altar of the Shining One.
  2726 | D:3      | Noticed Grinder
  2759 | D:3      | Paralysed by Grinder for 6 turns
  2775 | D:3      | Paralysed by Grinder for 7 turns
  2782 | D:3      | Killed from afar by Grinder

Action                   |  1- 3 |  4- 6 || total
-------------------------+-------+-------++-------
Melee: Unarmed           |    21 |    15 ||    36
 Cast: Magic Dart        |    59 |    56 ||   115
       Call Imp          |     4 |    14 ||    18
       Slow              |       |     1 ||     1
       Blink             |       |     1 ||     1
  Use: Scroll            |       |    10 ||    10
  Eat: Chunk             |     2 |     4 ||     6
